 Dungeon Crawl Stone Soup version 0.30.0 (webtiles) character file.

Game seed: 13477900425620302893

676061 comradetweed the Swordmaster (level 27, -1/249 HPs)
             Began as a Demonspawn Gladiator on Sept 5, 2023.
             Was an Initiate of Gozag.
             Slain by a bone dragon (3 damage)
             ... called by a doom hound
             ... on level 7 of Tartarus on Sept 7, 2023.
             The game lasted 03:52:28 (110831 turns).

comradetweed the Swordmaster (DsGl)               Turns: 110831, Time: 03:52:28

Health: -1/249     AC: 54    Str: 19      XL:     27
Magic:  2/29       EV: 12    Int: 20      God:    Gozag
Gold:   103        SH: 25    Dex: 23 (31) Spells: 26/26 levels left

rFire   + + +        a - +6 double sword "Qael" {drain, rPois SInv}
rCold   + + +        S - +4 kite shield {reflect}
rNeg    + + +        Q - +12 gold dragon scales of the Evening {rPois rF+ rC+ Int+4 Dex+7}
rPois   +            L - +3 crown of Dyrovepreva {rElec Int+2 SInv}
rElec   +            (cloak unavailable)
rCorr   .            c - +3 Mad Mage's Maulers {Infuse+∞ VampMP -Cast}
SInv    +            t - +0 pair of boots "Ivololox" {rC++ Dex+2}
Will    ++...        u - amulet of regeneration Stlth
                     J - ring "Gynool" {Contam rC+ rN+++ Will++ Int+2}
HPRegen 2.21/turn    e - ring "Roffim" {rElec rPois rF+++ MP+9 Stlth-}
MPRegen 0.21/turn

%: no spellcasting, reflection, infuse magic (2 MP)
@: lethally poisoned (-1 -> -1), gold aura, hasted and slowed, studying 5
skills, weak-willed
A: molten scales 3, icemail 2, spiny 3, black mark, condensation shield,
bedeviling, aura of silence, weakness stinger 3, deterioration 1, low MP 1,
regeneration 1, teleportitis 1, subdued magic 1
}: 4/15 runes: barnacled, silver, golden, gossamer
a: Renounce Religion, Potion Petition, Call Merchant, Bribe Branch


You were on level 7 of Tartarus.
You worshipped Gozag.
Gozag was aware of your devotion.
You visited 14 branches of the dungeon, and saw 58 of its levels.
You visited the Abyss 3 times.
You visited 1 bazaar.
You visited 1 ziggurat, and saw 19 of its levels.
You also visited: Sewer, Gauntlet, Ice Cave and Volcano.

You collected 36980 gold pieces.
You spent 6928 gold pieces at shops.
You paid 29949 gold pieces to Gozag.

Inventory:

Hand Weapons
 a - the +6 double sword "Qael" (weapon) {drain, rPois SInv}
   (You found it on level 2 of the Spider Nest)

   rPois:     It protects you from poison.
   SInv:      It lets you see invisible.
 s - a +1 demon whip of venom
 R - a +4 scimitar of flaming
Missiles
 I - 3 silver javelins
 N - 3 javelins
 P - 35 boomerangs (quivered)
Armour
 c - the +3 Mad Mage's Maulers (worn) {Infuse+∞ VampMP -Cast}
   (You acquired it on level 2 of the Orcish Mines)

   Infuse+∞: It empowers its wearer's blows with all of their magic.
   VampMP:    Blows struck in melee replenish the wearer's magic.
   -Cast:     It prevents spellcasting.
 t - the +0 pair of boots "Ivololox" (worn) {rC++ Dex+2}
   (You found it on level 5 of the Vaults)

   Dex:       It affects your dexterity (+2).
   rC:        It greatly protects you from cold.
 L - the +3 crown of Dyrovepreva (worn) {rElec Int+2 SInv}
   (You bought it in a shop on level 5 of the Vaults)

   Int:       It affects your intelligence (+2).
   rElec:     It insulates you from electricity.
   SInv:      It lets you see invisible.
 Q - the +12 gold dragon scales of the Evening (worn) {rPois rF+ rC+ Int+4 Dex+7}
   (You bought it in a shop on level 3 of the Shoals)

   Int:       It affects your intelligence (+4).
   Dex:       It affects your dexterity (+7).
   rF:        It protects you from fire.
   rC:        It protects you from cold.
   rPois:     It protects you from poison.
 S - a +4 kite shield of reflection (worn)
Jewellery
 e - the ring "Roffim" (right hand) {rElec rPois rF+++ MP+9 Stlth-}
   (You took it off a deep elf sorcerer on level 5 of the Vaults)

   [ring of magical power]

   rF:        It renders you almost immune to fire.
   rElec:     It insulates you from electricity.
   rPois:     It protects you from poison.
   MP:        It affects your magic capacity (+9).
   Stlth:     It makes you less stealthy.
 i - the ring of the Hare {EV+10}
   (You found it on level 17 of a ziggurat)

   [ring of evasion]

   EV:        It affects your evasion (+10).
 m - the ring of Afigieq {Fly AC+4 Int+3}
   (You found it on level 2 of the Spider Nest)

   [ring of protection]

   AC:        It affects your AC (+4).
   Int:       It affects your intelligence (+3).
   Fly:       It grants you flight.
 r - a ring of wizardry
 u - an amulet of regeneration (around neck)
 y - the ring "Ytutopp" {rPois Int+2 Dex+4 SInv Stlth+}
   (You found it on level 2 of the Vaults)

   [ring of see invisible]

   Int:       It affects your intelligence (+2).
   Dex:       It affects your dexterity (+4).
   rPois:     It protects you from poison.
   SInv:      It lets you see invisible.
   Stlth:     It makes you more stealthy.
 J - the ring "Gynool" (left hand) {Contam rC+ rN+++ Will++ Int+2}
   (You found it on level 3 of the Tomb of the Ancients)

   [ring of protection from cold]

   Int:       It affects your intelligence (+2).
   rC:        It protects you from cold.
   rN:        It renders you almost immune to negative energy.
   Contam:    It causes magical contamination when unequipped.
   Will:      It greatly increases your willpower.
Wands
 q - a wand of acid (34)
 x - a wand of paralysis (89)
 A - a wand of flame (161)
 M - a wand of digging (19)
 O - a wand of iceblast (42)
 U - a wand of mindburst (24)
Scrolls
 b - 5 scrolls of silence
 l - 7 scrolls of magic mapping
 n - 7 scrolls of teleportation
 o - 4 scrolls of brand weapon
 p - 15 scrolls of fog
 B - 9 scrolls of enchant weapon
 C - 15 scrolls of poison
 F - 2 scrolls of fear
 V - 3 scrolls of enchant armour
Potions
 f - 22 potions of curing
 g - a potion of berserk rage
 h - 18 potions of flight
 k - 7 potions of attraction
 z - 8 potions of haste
 G - 3 potions of resistance
 H - 12 potions of mutation
 K - 2 potions of might
Miscellaneous
 j - the horn of Geryon
 E - a figurine of a ziggurat


   Skills:
 O Level 27 Fighting
 O Level 27 Long Blades
 - Level 6.1 Throwing
 + Level 16.6 Armour
 + Level 18.5 Dodging
 + Level 19.2 Shields


You had 26 spell levels left.
You didn't know any spells.
Your spell library contained the following spells:

 Spells                   Type           Power      Damage    Failure   Level
 Apportation              Tloc           0%         N/A       100%        1
 Beastly Appendage        Tmut           0%         N/A       100%        1
 Freeze                   Ice            0%         1d3       100%        1
 Kiss of Death            Conj/Necr      0%         2d5       100%        1
 Magic Dart               Conj           0%         1d3       100%        1
 Necrotise                Necr           0%         1d4       100%        1
 Sandblast                Erth           0%         2d4       100%        1
 Shock                    Conj/Air       0%         1d3       100%        1
 Sting                    Tmut/Pois      0%         1d3       100%        1
 Summon Small Mammal      Summ           0%         N/A       100%        1
 Blink                    Tloc           0%         N/A       100%        2
 Call Imp                 Summ           0%         N/A       100%        2
 Cigotuvi's Dreadful Rot  Necr/Pois/Air  0%         N/A       100%        2
 Ensorcelled Hibernation  Hex/Ice        0%         N/A       100%        2
 Lesser Beckoning         Tloc           0%         N/A       100%        2
 Momentum Strike          Conj/Tloc      0%         3d8       100%        2
 Passwall                 Tmut/Erth      0%         N/A       100%        2
 Poisonous Vapours        Pois/Air       0%         N/A       100%        2
 Scorch                   Fire           0%         2d5       100%        2
 Static Discharge         Conj/Air       0%         2-2/arc   100%        2
 Sublimation of Blood     Necr           0%         N/A       100%        2
 Wereblood                Tmut           0%         N/A       100%        2
 Call Canine Familiar     Summ           0%         N/A       100%        3
 Confusing Touch          Hex            0%         N/A       100%        3
 Dazzling Flash           Conj/Hex       0%         N/A       100%        3
 Frozen Ramparts          Ice            0%         1d1       100%        3
 Gell's Gravitas          Tloc           0%         N/A       100%        3
 Hailstorm                Conj/Ice       0%         3d3       100%        3
 Ignite Poison            Fire/Tmut/Pois 0%         N/A       100%        3
 Inner Flame              Hex/Fire       0%         N/A       100%        3
 Mephitic Cloud           Conj/Pois/Air  0%         N/A       100%        3
 Portal Projectile        Hex/Tloc       0%         N/A       100%        3
 Spider Form              Tmut/Pois      0%         N/A       100%        3
 Stone Arrow              Conj/Erth      0%         3d7       100%        3
 Summon Guardian Golem    Hex/Summ       0%         N/A       100%        3
 Swiftness                Air            0%         N/A       100%        3
 Teleport Other           Tloc           0%         N/A       100%        3
 Tukima's Dance           Hex            0%         N/A       100%        3
 Vampiric Draining        Necr           0%         2d6       100%        3
 Vhi's Electric Charge    Tloc/Air       0%         N/A       100%        3
 Volatile Blastmotes      Fire/Tloc      0%         2d10      100%        3
 Airstrike                Air            0%         2d(0-16)  100%        4
 Anguish                  Hex/Necr       0%         N/A       100%        4
 Dispel Undead            Necr           0%         3d6       100%        4
 Flame Wave               Conj/Fire      0%         2d4       100%        4
 Ice Form                 Ice/Tmut       0%         N/A       100%        4
 Iskenderun's Mystic Bla  Conj/Tloc      0%         2d3       100%        4
 Manifold Assault         Tloc           0%         N/A       100%        4
 Olgreb's Toxic Radiance  Pois           0%         N/A       100%        4
 Petrify                  Tmut/Erth      0%         N/A       100%        4
 Sticky Flame             Conj/Fire      0%         2d3       100%        4
 Summon Ice Beast         Ice/Summ       0%         N/A       100%        4
 Summon Lightning Spire   Summ/Air       0%         N/A       100%        4
 Agony                    Necr           0%         N/A       100%        5
 Alistair's Intoxication  Tmut/Pois      0%         N/A       100%        5
 Arcjolt                  Conj/Air       0%         1d10      100%        5
 Blade Hands              Tmut           0%         N/A       100%        5
 Borgnjor's Vile Clutch   Necr/Erth      0%         N/A       100%        5
 Fireball                 Conj/Fire      0%         3d3       100%        5
 Freezing Cloud           Conj/Ice/Air   0%         6-21      100%        5
 Irradiate                Conj/Tmut      0%         3d11      100%        5
 Iskenderun's Battlesphe  Conj           0%         2d6       100%        5
 Silence                  Hex/Air        0%         N/A       100%        5
 Summon Forest            Summ/Tloc      0%         N/A       100%        5
 Summon Mana Viper        Hex/Summ       0%         N/A       100%        5
 Conjure Ball Lightning   Conj/Air       0%         3x3d6     100%        6
 Death Channel            Necr           0%         N/A       100%        6
 Dispersal                Tloc           0%         N/A       100%        6
 Eringya's Noxious Bog    Tmut/Pois      0%         N/A       100%        6
 Iron Shot                Conj/Erth      0%         9d1       100%        6
 Plasma Beam              Fire/Air       0%         2x1d11    100%        6
 Starburst                Conj/Fire      0%         6d3       100%        6
 Statue Form              Tmut/Erth      0%         N/A       100%        6
 Summon Cactus Giant      Summ           0%         N/A       100%        6
 Dragon Form              Tmut           0%         N/A       100%        7
 Malign Gateway           Summ/Tloc      0%         N/A       100%        7
 Monstrous Menagerie      Summ           0%         N/A       100%        7
 Orb of Destruction       Conj           0%         9d5       100%        7
 Ozocubu's Refrigeration  Ice            0%         4d7       100%        7
 Spellforged Servitor     Conj/Summ      0%         N/A       100%        7
 Disjunction              Tloc           0%         N/A       100%        8
 Ignition                 Fire           0%         3d3       100%        8
 Summon Horrible Things   Summ           0%         N/A       100%        8
 Dragon's Call            Summ           0%         N/A       100%        9
 Polar Vortex             Ice            0%         N/A       100%        9
 Animate Dead             Necr           Unusable   N/A       N/A         4
 Simulacrum               Ice/Necr       Unusable   N/A       N/A         6

Dungeon Overview and Level Annotations

Branches:
Dungeon (15/15)            Temple (1/1) D:4            Lair (5/5) D:10
 Shoals (4/4) Lair:2       Spider (4/4) Lair:2        Slime (1/5) Lair:4
    Orc (2/2) D:9             Elf (3/3) Orc:2        Vaults (5/5) D:13
  Crypt (3/3) Vaults:2       Tomb (3/3) Crypt:3      Depths (4/4) D:15
   Hell (visited)             Geh (0/7) Hell            Tar (7/7) Hell
  Sewer (visited)           IceCv (visited)         Volcano (visited)
Gauntlet (visited)
    Dis: Hell:1         Coc: Hell:1         Zot: Depths:4

Altars:
Ashenzari
Cheibriados
Dithmenos
Fedhas
Gozag
Hepliaklqana
Kikubaaqudgha
Makhleb
Nemelex Xobeh
Okawaru
Qazlal
Ru
Sif Muna
Trog
Uskayaw
Vehumet
Wu Jian
Xom
Yredelemnul
Jiyva

Shops:
D:5 :   D:9 [   D:13 ((   Orc:2 (:?[(   Shoals:3 [   Vaults:2 =   Vaults:5 *
Crypt:2 ((

Portals:
Hell: Depths:1 Depths:2 Depths:3
Abyss: Depths:2 Depths:3
Pandemonium: Depths:2
Trove: D:13 (give 11 potions of heal wounds)

Annotations:
D:5 1 runed translucent door, Crazy Yiuf
Depths:1 4 transporters


Innate Abilities, Weirdness & Mutations

You are completely covered in molten scales. (AC +4, rF+)
A meltable icy envelope protects you from harm. (AC +8)
You are completely covered in sharp spines.
Your melee attacks may debilitate your foes.
A meltable shield of frost defends you. (SH +4)
Your hexes are more powerful.
You are surrounded by an aura of silence.
You have a sharp stinger which inflicts weakening toxins.
Your body sometimes deteriorates upon taking damage.
Your magical capacity is low. (-10% MP)
Your natural rate of healing is unusually fast.
You are occasionally teleported next to monsters.
Your spells are a little easier to cast, but a little less powerful.


Message History

You open the tainted leviathan like a pillowcase!!!
You destroy the tainted leviathan!
You are engulfed in dark miasma.
You feel as though you will be slow longer.
* * * LOW HITPOINT WARNING * * *
You block the bone dragon's attack. x2
The bone dragon tramples you but does no damage.
The bone dragon bites you but does no damage.
The bone dragon claws you but does no damage.
The bone dragon tramples you but does no damage.
You feel your intelligence returning.
The bone dragon is distracted by your dazzling golden aura.
The tormentor calls on the powers of darkness!
Your body is wracked with pain!
* * * LOW HITPOINT WARNING * * *
You block the bone dragon's attack. x2
The bone dragon tramples you but does no damage.
Things that are here:
22 gold pieces; 6 large rocks Unknown command.
Okay, then.
Really walk into that cloud of foul pestilence?
Okay, then.
Really walk into that cloud of foul pestilence?
The tormentor attacks as you move away! You block the tormentor's attack. x2
You are engulfed in dark miasma.
You are poisoned.
* * * LOW HITPOINT WARNING * * *
You feel very sick.
The tormentor calls on the powers of darkness!
You feel a surge of unholy energy.
You see here 5 gold pieces.
Unknown command.
Found a ring of magical power.
You feel sick.
The bone dragon is no longer distracted by gold.
There is a large open door, spattered with blood here.
The bone dragon attacks as you move away!
You block the bone dragon's attack. The bone dragon claws you.
You die...
Your body crumbles into a pile of gold.

****,,,,,,,,,*,,* *..#,,*
,**,,,,,,,,,**,,* *..#,,*
,,,,,,,,,,,**,,,* #..#,,*
,,,,,,,,,,**,,,** #..#,,*
,,,,,,,,***,,,** #..#,,*
,,,,,,,,+,,,,###* #..#,,*
,,,,,,,,+,,,*#:=#####..#,,*
,,,***++*++*##..#D$1...#,,*
,***,,,,+,,,#...@D.2...#,,*
**,,,,,,+,,,+...'......+,,*
,,,,,,***,,,+...#......+,,*
,,,,#######*############,,*
,,###☼○...### *,,*
*##..○☼○....### *,,*
#.....C☼.$....### ***,,*
...§.°☼☼........###***,,,,*
°..°☼........W$...##...,,,*


You could see 2 bone dragons, a Tzitzimitl and a tormentor.

Vanquished Creatures
  3 dread liches
  3 ancient liches
  Mennas (Vaults:1)
  13 royal mummies
  Parghit (Depths:3)
  Vv (Crypt:3)
  A caustic shrike (Zig:11)
  Margery (Vaults:1)
  3 Killer Klowns (Zig:17)
  The ghost of rrossfarrar the Hoplite, a veteran BaFi of Cheibriados (Crypt:3)
  Saint Roka (Depths:1)
  Geryon (Hell)
  3 golden dragons (Depths:3)
  Jory (Vaults:1)
  2 profane servitors
  7 bone dragons
  Arachne (Spider:3)
  2 doom hounds
  6 Tzitzimimeh
  3 tentacled monstrosities
  2 tainted leviathans
  A walking earthen tome (Depths:3)
  Mlioglotl (Shoals:4)
  Rupert (Lair:3)
  7 liches
  3 deep elf blademasters
  Asterion (Vaults:2)
  4 deep elf master archers
  A quicksilver dragon (Vaults:5)
  6 titans
  2 acid blobs (Zig:8)
  An Executioner (Zig:19)
  Frances (D:13)
  4 tentacled starspawn
  12 sphinxes
  Polyphemus (Shoals:4)
  4 shadow dragons
  18 ancient champions
  The ghost of Detar the Severer, an adept HOFi of Beogh (Spider:2)
  11 tengu reavers
  Kirke (Spider:3)
  A fenstrider witch (shapeshifter) (Zig:17)
  Donald (Vaults:3)
  2 rockslimes (Zig:8)
  Ilsuiw (Shoals:2)
  3 daevas (Depths:2)
  A draconian monk (Zig:12)
  4 storm dragons
  9 nagarajas
  An emperor scorpion (shapeshifter) (Vaults:5)
  14 frost giants
  3 fire giants
  12 revenants
  A draconian knight (Zig:12)
  7 emperor scorpions
  5 deep elf sorcerers
  21 vault wardens
  4 ghost moths (Spider:4)
  2 balrugs
  A draconian scorcher (Zig:12)
  2 spectral caustic shrikes
  Louise (Depths:2)
  A spectral juggernaut (Tar:1)
  5 pandemonium lords (Zig:17)
  Aizul (Depths:1)
  4 angels (Depths:2)
  A draconian shifter (Zig:12)
  5 deep elf elementalists (Elf:3)
  4 orc warlords
  9 reapers
  A quicksilver ooze (shapeshifter) (Vaults:5)
  6 ghouls
  4 curse skulls
  2 draconian stormcallers (Zig:12)
  A spriggan defender (Depths:3)
  20 ironbound preservers
  8 ironbound thunderhulks
  2 juggernaut skeletons
  2 draconian annihilators (Zig:12)
  An ophan (Abyss:2)
  A broodmother (Spider:4)
  11 stone giants
  A green draconian (Zig:12)
  3 war gargoyles
  14 vampire knights
  10 very ugly things
  9 deep elf demonologists
  A minotaur (Gauntlet)
  10 bennus
  2 red draconians
  A black draconian (Zig:12)
  4 deep elf annihilators
  4 eleionomae
  4 bunyips
  A putrid mouth (Tar:5)
  6 spark wasps
  17 dire elephants
  A purple draconian (Zig:12)
  The ghost of witwit the Marksvine stalker, a journeyman VSHu of Fedhas (D:13)
  2 yellow draconians (Zig:12)
  2 spectral titans
  8 ettins
  2 fire dragons (Depths:3)
  2 crystal guardians
  A fire dragon (shapeshifter) (Vaults:5)
  13 deep elf death magi
  5 eidola
  6 merfolk javelineers
  2 shambling mangroves
  Josephine (Lair:4)
  10 entropy weavers
  10 merfolk impalers
  12 jiangshi
  6 deep elf high priests
  A spectral quicksilver dragon (Tar:5)
  21 mummy priests
  14 yaktaur captains
  Fannar (Lair:3)
  8 hydras
  2 rakshasas (Depths:2)
  2 spectral spriggans
  4 spriggan zombies
  38 vault guards
  14 great orbs of eyes
  14 salamander tyrants
  14 centaur warriors
  A juggernaut simulacrum (Depths:1)
  The ghost of grguerra the Cleaver, a journeyman DsFi of Okawaru (D:11)
  6 ice dragons
  3 peacekeepers
  4 catoblepae
  2 ogre magi
  2 caustic shrike simulacra (IceCv)
  2 ghost crabs
  A jorogumo (Spider:1)
  The ghost of kylektr the Eclecticist, a journeyman DESu of Yredelemnul (Shoals:4)
  4 spriggan air magi
  4 merfolk avatars
  6 boulder beetles
  6 ironbound frosthearts
  2 radroaches
  An alligator snapping turtle (shapeshifter) (Zig:17)
  2 hell beasts
  A death yak (shapeshifter) (Zig:17)
  4 death knights
  6 two-headed ogres
  25 dancing weapons
  8 deep troll shamans
  29 death scarabs
  A spriggan skeleton (Crypt:1)
  2 anacondas (Zig:14)
  6 tengu warriors
  An alligator (Zig:10)
  4 naga warriors
  6 satyrs
  8 merfolk aquamancers
  7 deep troll earth magi
  7 orc high priests
  10 death yaks
  A titan zombie (Crypt:1)
  5 thrashing horrors
  A hell hog (Zig:13)
  19 vampire magi
  10 hell knights
  6 spriggan berserkers
  2 spectral nagas
  3 soul eaters
  4 shock serpents
  5 naga sharpshooters
  17 deep elf knights
  3 spriggans
  An iron troll (shapeshifter) (Zig:17)
  5 shadow wraiths
  2 skysharks
  2 wretched stars
  A salamander mystic (Depths:3)
  A sixfirhy (Abyss:2)
  A sun moth (Spider:4)
  2 iron trolls
  7 sun demons
  7 pharaoh ants
  A goliath frog (Zig:2)
  6 sea snakes
  6 cherubim (Depths:2)
  9 flayed ghosts
  A spriggan druid (Zig:10)
  A death drake (Zig:10)
  57 deep trolls
  A spectral anaconda (Tar:5)
  A golden dragon zombie (Depths:1)
  Lodul (D:11)
  5 glowing orange brains
  A sea snake (shapeshifter) (Abyss:3)
  34 skeletal warriors
  10 deep elf archers
  6 orb spiders
  A lindwurm (shapeshifter) (Zig:17)
  2 bog bodies
  7 wizards
  2 shadow demons (Depths:2)
  A goliath frog zombie (Crypt:3)
  A kraken simulacrum (Shoals:4)
  17 phantasmal warriors
  Pikel (D:3)
  3 steelbarb worms
  19 harpies
  A naga ritualist (Zig:14)
  4 orange crystal statues
  A harpy (shapeshifter) (Zig:17)
  3 swamp dragons
  11 necromancers
  20 orc knights
  28 ironbound convokers
  4 orc sorcerers
  4 mana vipers
  2 obsidian statues
  12 lindwurms
  A jorogumo zombie (Crypt:2)
  A human zombie (Vaults:3)
  35 deep elf pyromancers
  23 deep elf zephyrmancers
  2 fire giant zombies (Depths:1)
  A wolf spider zombie (Crypt:1)
  45 ugly things
  21 wolf spiders
  A stone giant zombie (Depths:1)
  A tengu skeleton (Vaults:3)
  8 fauns
  A moth of wrath (shapeshifter) (Depths:3)
  An eleionoma zombie (Crypt:1)
  A will-o-the-wisp (Zig:10)
  13 manticores
  19 cyclopes
  An ice statue (Zig:14)
  A moth of wrath (Spider:4)
  2 spectral centaurs (Tar:1)
  A worldbinder (Abyss:3)
  3 salamanders (Depths:3)
  8 elephants
  A frost giant skeleton (Crypt:1)
  28 vault sentinels
  2 naga zombies
  8 demonic crawlers
  4 guardian serpents
  A titan simulacrum (Crypt:1)
  4 water nymphs
  An eye of devastation (shapeshifter) (Vaults:4)
  2 apocalypse crabs (Zig:17)
  16 black mambas
  An eye of devastation (Zig:8)
  9 naga magi
  10 merfolk sirens
  13 cane toads
  5 centaur skeletons
  6 torpor snails
  A rime drake (shapeshifter) (D:14)
  10 komodo dragons
  A dire elephant skeleton (Tomb:1)
  3 rime drakes
  15 yaktaurs
  A hellion (Tar:5)
  2 unseen horrors
  5 tengu conjurers
  A sea snake zombie (Crypt:2)
  An efreet (Abyss:2)
  63 guardian mummies
  A pale draconian zombie (Crypt:3)
  8 freezing wraiths
  4 naga skeletons
  2 anaconda simulacra (IceCv)
  7 kobold demonologists
  2 tormentors
  A harpy zombie (Crypt:3)
  A merfolk (shapeshifter) (D:13)
  A red devil (Hell)
  2 polar bears (shapeshifter) (D:13)
  A red draconian skeleton (Crypt:2)
  12 meliai
  A spectral harpy (Tar:5)
  35 merfolk
  3 polar bears
  8 wind drakes
  Prince Ribbit (D:8)
  5 trolls
  Grinder (D:4)
  13 hornets
  A death drake skeleton (Crypt:1)
  A harpy skeleton (Hell)
  30 tarantellas
  9 blink frogs
  13 dream sheep
  5 raiju
  46 slime creatures
  10 snapping turtles
  A human simulacrum (Vaults:3)
  6 centaur simulacra
  6 shadows
  A stone giant simulacrum (Crypt:3)
  Sigmund (D:3)
  3 air elementals
  35 flying skulls
  15 water elementals
  10 wraiths
  A spriggan (shapeshifter) (Vaults:5)
  16 culicivoras
  4 wyverns
  A vampire (D:12)
  11 fire bats
  30 jumping spiders
  2 humans (D:10)
  2 small abominations (Abyss:2)
  2 naga simulacra
  A black mamba skeleton (Crypt:3)
  55 yaks
  2 chaos spawn (Zig:17)
  2 fire elementals
  4 golden eyes
  11 ushabtiu
  A yak (shapeshifter) (D:15)
  A dire elephant simulacrum (IceCv)
  A basilisk (shapeshifter) (Zig:5)
  A wind drake skeleton (Crypt:3)
  8 basilisks
  54 redbacks
  3 vampire mosquitoes (D:11)
  4 neqoxecs (D:13)
  A spriggan simulacrum (Depths:1)
  A steam dragon (D:7)
  A yaktaur simulacrum (Vaults:3)
  Menkaure (D:5)
  2 tengu zombies
  3 wargs
  A faun zombie (Crypt:2)
  3 harpy simulacra
  Edmund (D:4)
  3 acid dragons
  A cane toad zombie (Crypt:2)
  4 hydra simulacra (IceCv)
  5 nagas
  4 large abominations
  2 glowing shapeshifter skeletons
  10 water moccasins
  2 ettin simulacra (IceCv)
  4 ice beasts (D:10)
  48 orc warriors
  An ice beast (shapeshifter) (D:13)
  An alligator simulacrum (IceCv)
  14 wolves
  A centaur (shapeshifter) (D:13)
  10 ogres
  4 boggarts
  33 centaurs
  2 lemures (D:4)
  A fire crab zombie (Crypt:2)
  3 phantoms
  22 kobold brigands
  Blork the orc (D:5)
  A bullfrog (shapeshifter) (D:15)
  15 bullfrogs
  2 necrophages
  6 earth elementals
  5 scorpions
  A wight (D:6)
  14 killer bees
  2 lindwurm simulacra (IceCv)
  5 electric eels
  5 howler monkeys
  A crimson imp (D:14)
  4 lava snakes (Volcano)
  A bullfrog zombie (Crypt:2)
  2 quasits (D:14)
  A centaur zombie (Crypt:2)
  10 jellies
  A black bear zombie (Crypt:1)
  2 gnoll boudas
  18 orc priests
  A wyvern simulacrum (Gauntlet)
  A hound (D:5)
  2 sleepcaps
  Terence (D:2)
  2 lightning spires (Gauntlet)
  An iguana (D:4)
  18 orc wizards
  19 hell rats
  61 mummies
  Robin (D:3)
  15 gnolls
  7 adders
  An adder (shapeshifter) (D:13)
  4 river rats
  A shadow imp (Abyss:2)
  3 white imps
  7 ufetubi
  A worm (D:2)
  4 dart slugs
  74 orcs
  9 endoplasms
  4 giant cockroaches
  17 goblins
  9 hobgoblins
  12 jackals
  6 quokkas
  16 ball pythons
  A ball python skeleton (Crypt:3)
  A ball python zombie (Crypt:2)
  5 bats
  4 frilled lizards
  42 kobolds
  An orc zombie (Crypt:3)
  5 rats
  4 bushes (D:14)
  A fire vortex (Hell)
  A lurking horror (Abyss:2)
  A starspawn tentacle (Abyss:2)
2761 creatures vanquished.

Vanquished Creatures (collateral kills)
  Mara (Shoals:3)
  2 royal mummies (Tomb:1)
  A lich (Tomb:3)
  2 bennus (Tomb:3)
  A mummy priest (Tomb:3)
  A merfolk avatar (Shoals:3)
  11 death scarabs (Tomb:3)
  A vampire mage (Zig:15)
  3 fauns (Shoals:3)
  3 guardian mummies
  A mummy (Tomb:3)
  A bush (Shoals:3)
28 creatures vanquished.

Vanquished Creatures (others)
  An ancient lich (Vaults:5)
  9 royal mummies
  2 pandemonium lords (Zig:17)
  A draconian monk (Zig:12)
  An azure jelly (shapeshifter) (Zig:17)
  A draconian scorcher (Zig:12)
  A curse skull (Zig:15)
  A stone giant (shapeshifter) (Zig:17)
  A very ugly thing (Zig:17)
  A war gargoyle (Vaults:4)
  6 bennus (Tomb:3)
  2 deep elf death magi
  5 mummy priests
  A yaktaur captain (Vaults:5)
  5 hydras
  A naga warrior (Zig:14)
  A death scarab (Tomb:3)
  A deep elf knight (Crypt:3)
  A fire crab (shapeshifter) (Zig:17)
  4 skeletal warriors (Tomb:3)
  A goliath frog (Zig:10)
  A sea snake (Shoals:4)
  A deep troll (Vaults:5)
  An orb spider (Spider:4)
  A mana viper (shapeshifter) (Zig:17)
  An ugly thing (Zig:17)
  An apocalypse crab (Zig:17)
  A water nymph (shapeshifter) (Zig:17)
  A yaktaur (Vaults:5)
  21 guardian mummies
  A merfolk (Zig:6)
  A dream sheep (shapeshifter) (Zig:17)
  A tyrant leech (Zig:10)
  A centaur simulacrum (Tomb:3)
  An ushabti (Tomb:3)
  3 humans
  2 chaos spawn (Zig:17)
  A floating eye (shapeshifter) (Zig:17)
  An orc priest (Elf:2)
  6 mummies
  An orc (Depths:2)
  2 kobolds
  14 ball lightnings (Zig:17)
  2 bushes (D:14)
  A creeping inferno (Hell)
  16 foxfires (Zig:10)
  15 fungi
  A lurking horror (Abyss:4)
  80 plants
  10 starspawn tentacles
  4 tentacles (Shoals:4)
  24 withered plants (Gauntlet)
264 creatures vanquished.

Grand Total: 3053 creatures vanquished

Notes
Turn   | Place    | Note
-------+----------+-------------------------------------------
     0 | D:1      | comradetweed the Demonspawn Gladiator began the quest for
                  | the Orb.
     0 | D:1      | Reached XP level 1. HP: 16/16 MP: 1/1
   209 | D:1      | Gained mutation: You are partially covered in sharp spines.
                  | [demonic ancestry]
   209 | D:1      | Reached XP level 2. HP: 21/22 MP: 2/2
   551 | D:1      | Gained mutation: You are mostly covered in sharp spines.
                  | [demonic ancestry]
   551 | D:1      | Reached XP level 3. HP: 28/28 MP: 3/3
  1024 | D:2      | Noticed Terence
  1041 | D:2      | Killed Terence
  1049 | D:2      | Gained mutation: You are partially covered in molten
                  | scales. (AC +2) [demonic ancestry]
  1049 | D:2      | Reached XP level 4. HP: 8/34 MP: 4/4
  1155 | D:2      | Found a snail-covered altar of Cheibriados.
  1318 | D:2      | Noticed a scorpion
  1326 | D:2      | Killed a scorpion
  1327 | D:2      | Gained mutation: You are mostly covered in molten scales.
                  | (AC +3) [demonic ancestry]
  1327 | D:2      | Reached XP level 5. HP: 41/41 MP: 5/5
  1782 | D:3      | Noticed Robin
  1811 | D:3      | Killed Robin
  1993 | D:3      | Noticed Sigmund
  2025 | D:3      | Killed Sigmund
  2026 | D:3      | Gained mutation: You have a small tail. [demonic ancestry]
  2026 | D:3      | Reached XP level 6. HP: 23/48 MP: 6/6
  2190 | D:3      | Identified the staff of cold "Votoixzo" {rC+ rN+ Str+3}
  2425 | D:3      | Found a sparkling altar of Nemelex Xobeh.
  3003 | D:4      | Noticed Pikel
  3050 | D:3      | Killed Pikel
  3051 | D:3      | Reached skill level 5 in Long Blades
  3051 | D:3      | Gained mutation: You have a tail ending in a sharp stinger.
                  | [demonic ancestry]
  3051 | D:3      | Reached XP level 7. HP: 28/55 MP: 7/7
  3253 | D:4      | Reached skill level 5 in Fighting
  3311 | D:4      | Gained mutation: You are completely covered in sharp
                  | spines. [demonic ancestry]
  3311 | D:4      | Reached XP level 8. HP: 61/62 MP: 8/8
  3318 | D:4      | Identified the ring "Naetwoe" {rC+ Dex+3 Slay+2}
  3363 | D:4      | Noticed Grinder
  3364 | D:4      | Paralysed by Grinder for 5 turns
  3375 | D:4      | Paralysed by Grinder for 2 turns
  3382 | D:4      | Found a staircase to the Ecumenical Temple.
  3390 | D:4      | Killed Grinder
  3418 | Temple   | Entered the Ecumenical Temple
  3619 | Temple   | Became a worshipper of Gozag Ym Sagoz the Greedy
  4067 | D:5      | Entered Level 5 of the Dungeon
  4078 | D:5      | Reached skill level 5 in Throwing
  4092 | D:5      | Noticed Edmund
  4119 | D:4      | Killed Edmund
  4376 | D:5      | Found a glowing drain.
  4388 | Sewer    | Entered a sewer
  4689 | D:5      | Noticed Menkaure
  4697 | D:5      | Paralysed by an orc for 4 turns
  4702 | D:5      | Killed Menkaure
  4703 | D:5      | Gained mutation: You have a sharp stinger which inflicts
                  | weakening toxins. [demonic ancestry]
  4703 | D:5      | Reached XP level 9. HP: 30/69 MP: 9/9
  4838 | D:5      | Noticed Blork the orc
  4852 | D:5      | Killed Blork the orc
  5029 | D:5      | Found Fuif's Tiny Tomes.
  5113 | D:5      | Found a runed translucent door.
  5114 | D:5      | Noticed Crazy Yiuf
  5703 | D:6      | Found a hide-covered altar of Uskayaw.
  6445 | D:7      | Noticed a cyclops
  6460 | D:7      | Killed a cyclops
  6501 | D:7      | Noticed a two-headed ogre
  6520 | D:7      | Killed a two-headed ogre
  6521 | D:7      | Gained mutation: You are completely covered in molten
                  | scales. (AC +4, rF+) [demonic ancestry]
  6521 | D:7      | Reached XP level 10. HP: 75/80 MP: 10/10
  6785 | D:7      | Noticed a boulder beetle
  6786 | D:7      | Noticed a deep elf pyromancer
  6793 | D:7      | Killed a deep elf pyromancer
  6794 | D:7      | Reached skill level 10 in Long Blades
  6810 | D:7      | Killed a boulder beetle
  7129 | D:8      | Found a shimmering altar of Xom.
  7366 | D:8      | Reached skill level 1 in Armour
  7615 | D:8      | Noticed Prince Ribbit
  7633 | D:8      | Killed Prince Ribbit
  8408 | D:9      | Found a hazy altar of Hepliaklqana.
  9004 | D:9      | Found a staircase to the Orcish Mines.
  9243 | D:9      | Reached XP level 11. HP: 87/87 MP: 11/11
  9340 | D:9      | Found a shimmering blue altar of Sif Muna.
  9356 | D:9      | Noticed a two-headed ogre
  9372 | D:9      | Killed a two-headed ogre
 10043 | D:10     | Entered Level 10 of the Dungeon
 10143 | D:10     | Reached skill level 5 in Armour
 10181 | D:10     | Found a staircase to the Lair.
 10215 | D:10     | Reached skill level 5 in Dodging
 10860 | D:10     | Noticed a two-headed ogre
 10870 | D:10     | Killed a two-headed ogre
 10972 | D:10     | Found an iron altar of Okawaru.
 11361 | D:10     | Noticed a two-headed ogre
 11372 | D:10     | Killed a two-headed ogre
 11895 | Lair:1   | Entered Level 1 of the Lair of Beasts
 12292 | Lair:1   | Reached XP level 12. HP: 32/94 MP: 12/12
 12959 | Lair:2   | Identified the +1 great sword of the Blind Eye {flame,
                  | Int+3}
 13103 | Lair:2   | Found a dark tunnel.
 13110 | Volcano  | Entered a volcano
 13389 | Volcano  | Noticed a red draconian
 13394 | Volcano  | Noticed a centaur warrior
 13404 | Volcano  | Killed a red draconian
 13410 | Volcano  | Killed a centaur warrior
 13527 | Volcano  | Found a burning altar of Makhleb.
 13581 | Volcano  | Found a burning altar of Makhleb.
 14030 | Lair:2   | Found a hole to the Spider Nest.
 14195 | Lair:2   | Found a staircase to the Shoals.
 15062 | Lair:3   | Noticed Rupert
 15138 | Lair:3   | Killed Rupert
 15139 | Lair:3   | Reached XP level 13. HP: 93/103 MP: 13/13
 15405 | Lair:3   | Reached skill level 10 in Fighting
 15796 | Lair:3   | Noticed Fannar
 15808 | Lair:3   | Killed Fannar
 16545 | Lair:4   | Found a staircase to the Slime Pits.
 16567 | Lair:4   | Found a viscous altar of Jiyva.
 16568 | Lair:4   | Noticed Josephine
 16587 | Lair:4   | Killed Josephine
 16999 | Slime:1  | Entered Level 1 of the Pits of Slime
 17025 | Lair:5   | Entered Level 5 of the Lair of Beasts
 17518 | Lair:5   | Identified the +0 leather armour of Analysis {Contam
                  | Rampage rC+++ rCorr}
 18575 | Lair:5   | Reached skill level 15 in Long Blades
 18903 | Lair:5   | Gained mutation: A meltable shield of frost defends you.
                  | (SH +4) [demonic ancestry]
 18903 | Lair:5   | Reached XP level 14. HP: 92/113 MP: 14/14
 19516 | D:9      | Bought a runed plate armour for 572 gold pieces
 19520 | D:9      | Bought a runed plate armour for 572 gold pieces
 19541 | Orc:1    | Entered Level 1 of the Orcish Mines
 20213 | Orc:2    | Entered Level 2 of the Orcish Mines
 20278 | Orc:2    | Found Xutazi's Weapon Shoppe.
 20289 | Orc:2    | Found a staircase to the Elven Halls.
 20325 | Orc:2    | Found a gate leading to a gauntlet.
 20338 | Gauntlet | Entered a Gauntlet
 20338 | Gauntlet | Found a transporter.
 20338 | Gauntlet | Found a transporter.
 20355 | Gauntlet | Found a transporter.
 20481 | Gauntlet | Found a transporter.
 20483 | Gauntlet | Found a large runed translucent door.
 20484 | Gauntlet | Found a large runed translucent door.
 20485 | Gauntlet | Found a large runed translucent door.
 20485 | Gauntlet | Found a large runed translucent door.
 20495 | Gauntlet | Found a transporter.
 20508 | Gauntlet | Found a transporter.
 20544 | Gauntlet | Found a large runed translucent door.
 20545 | Gauntlet | Found a large runed translucent door.
 20556 | Gauntlet | Noticed a reaper
 20611 | Gauntlet | Found a transporter.
 20626 | Gauntlet | Found a transporter.
 20628 | Gauntlet | Noticed a quicksilver ooze
 20644 | Gauntlet | Found a transporter.
 20656 | Gauntlet | Found a transporter.
 20672 | Gauntlet | Found a transporter.
 20744 | Gauntlet | Found a transporter.
 20746 | Gauntlet | Found a large runed translucent door.
 20747 | Gauntlet | Found a large runed translucent door.
 20749 | Gauntlet | Found a large runed translucent door.
 20749 | Gauntlet | Found a large runed translucent door.
 20749 | Gauntlet | Found a large runed translucent door.
 20749 | Gauntlet | Found a runed translucent door.
 20750 | Gauntlet | Found a large runed translucent door.
 20751 | Gauntlet | Found a large runed translucent door.
 20751 | Gauntlet | Found a large runed translucent door.
 20752 | Gauntlet | Found a runed translucent gate.
 20754 | Gauntlet | Found a transporter.
 20764 | Gauntlet | Found a transporter.
 20775 | Gauntlet | Found a transporter.
 20775 | Gauntlet | Found a runed translucent gate.
 20776 | Gauntlet | Found a runed translucent gate.
 20794 | Gauntlet | Found a large runed translucent door.
 20795 | Gauntlet | Found a large runed translucent door.
 20798 | Gauntlet | Found a runed translucent door.
 20804 | Gauntlet | Found a transporter.
 20985 | Gauntlet | Identified the +1 pair of gloves of Untold Secrets {Contam
                  | rCorr Int+2}
 22298 | Orc:2    | Found Huycyd's Antique Armour Shop.
 22298 | Orc:2    | Found Ofanip's Magic Scroll Emporium.
 22300 | Orc:2    | Found Idweisixt's Book Shoppe.
 22302 | Orc:2    | Found Leafuwoxyx's Antique Weapon Boutique.
 22307 | Orc:2    | Bought a scroll of acquirement for 936 gold pieces
 22307 | Orc:2    | Bought a scroll of acquirement for 936 gold pieces
 22485 | Orc:2    | Acquired 1256 gold pieces
 22487 | Orc:2    | Acquired the +3 Mad Mage's Maulers {Infuse+∞ VampMP -Cast}
 22487 | Orc:2    | Found the +3 Mad Mage's Maulers {Infuse+∞ VampMP -Cast}
 22509 | Orc:2    | Gained mutation: You are vulnerable to cold. (rC-)
                  | [mutagenic glow]
 22714 | Spider:1 | Entered Level 1 of the Spider Nest
 23537 | Spider:1 | Noticed an emperor scorpion
 24059 | Spider:1 | Killed an emperor scorpion
 24202 | Spider:1 | Lost mutation: You are vulnerable to cold. (rC-) [potion of
                  | mutation]
 24202 | Spider:1 | Gained mutation: You are dopey. (Int -2) [potion of
                  | mutation]
 24202 | Spider:1 | Gained mutation: Armour fits poorly on your strangely
                  | shaped body. [potion of mutation]
 24202 | Spider:1 | Gained mutation: Your flesh is cold resistant. (rC+)
                  | [potion of mutation]
 24202 | Spider:1 | Gained mutation: Your muscles are strong. (Str +4, Int/Dex
                  | -1) [potion of mutation]
 24203 | Spider:1 | Lost mutation: Your flesh is cold resistant. (rC+) [potion
                  | of mutation]
 24203 | Spider:1 | Lost mutation: Your muscles are strong. (Str +4, Int/Dex
                  | -1) [potion of mutation]
 24203 | Spider:1 | Lost mutation: Armour fits poorly on your strangely shaped
                  | body. [potion of mutation]
 24203 | Spider:1 | Gained mutation: Your spells are a little harder to cast,
                  | but a little more powerful. [potion of mutation]
 24203 | Spider:1 | Gained mutation: You are very dopey. (Int -4) [potion of
                  | mutation]
 24203 | Spider:1 | Gained mutation: You have sharp toenails. [potion of
                  | mutation]
 24626 | Spider:1 | Noticed an emperor scorpion
 24631 | Spider:1 | Killed an emperor scorpion
 25540 | Spider:2 | Gained mutation: A meltable icy envelope protects you from
                  | harm. (AC +8) [demonic ancestry]
 25540 | Spider:2 | Reached XP level 15. HP: 112/124 MP: 1/15
 25656 | Spider:2 | Identified the ring of Afigieq {Fly AC+4 Int+3}
 26657 | Spider:2 | Found a runed translucent gate.
 26657 | Spider:2 | Found a runed translucent gate.
 26657 | Spider:2 | Found a runed translucent gate.
 26657 | Spider:2 | Noticed Detar's ghost (adept HOFi)
 26757 | Spider:2 | Found a runed translucent door.
 27498 | Spider:3 | Noticed Arachne
 27515 | Spider:3 | Killed Arachne
 28594 | Spider:3 | Noticed an emperor scorpion
 28599 | Spider:3 | Killed an emperor scorpion
 28862 | Spider:4 | Entered Level 4 of the Spider Nest
 28862 | Spider:4 | Noticed Kirke
 28864 | Spider:4 | Noticed a sphinx
 28974 | Spider:3 | Killed Kirke
 30995 | Spider:4 | Reached XP level 16. HP: 126/134 MP: 2/16
 31702 | Spider:4 | Reached skill level 15 in Fighting
 31768 | Spider:4 | Got a gossamer rune of Zot
 32006 | Spider:2 | Identified the +6 plate armour "Qeduemm" {rElec Int+5}
 32485 | Spider:2 | Killed Detar's ghost
 32492 | Spider:2 | Identified the +6 double sword "Qael" {drain, rPois SInv}
 32726 | Shoals:1 | Entered Level 1 of the Shoals
 34733 | Shoals:2 | Found a frozen archway.
 34743 | IceCv    | Entered an ice cave
 34752 | IceCv    | Reached skill level 10 in Dodging
 34757 | IceCv    | Reached skill level 10 in Armour
 35509 | IceCv    | Identified the +4 scale mail "Xiajoonn" {rC+ Int+5 Dex-2}
 35890 | Shoals:2 | Gained mutation: Your hexes are more powerful. [demonic
                  | ancestry]
 35890 | Shoals:2 | Reached XP level 17. HP: 142/142 MP: 4/17
 36239 | Shoals:2 | Noticed Ilsuiw
 36246 | Shoals:2 | Killed Ilsuiw
 36852 | Shoals:3 | Noticed Mara
 36869 | Shoals:3 | Killed Mara
 36982 | Shoals:3 | Acquired a manual of Dodging
 36984 | Shoals:3 | Acquired 746 gold pieces
 37896 | Shoals:4 | Entered Level 4 of the Shoals
 38406 | Shoals:4 | Got a barnacled rune of Zot
 38611 | Shoals:4 | Noticed Polyphemus
 38633 | Shoals:4 | Killed Polyphemus
 39892 | Shoals:4 | Found a runed translucent gate.
 39892 | Shoals:4 | Found a runed translucent gate.
 39892 | Shoals:4 | Found a runed translucent gate.
 39897 | Shoals:4 | Noticed kylektr's ghost (journeyman DESu)
 40017 | Shoals:4 | Noticed Mlioglotl
 40031 | Shoals:4 | Killed Mlioglotl
 40586 | Shoals:4 | Gained mutation: You do not regenerate when monsters are
                  | visible. [mutagenic glow]
 40587 | Shoals:4 | Killed kylektr's ghost
 40593 | Shoals:4 | Noticed a Tzitzimitl
 40598 | Shoals:4 | Gained mutation: You are agile. (Dex +4, Str/Int -1)
                  | [mutagenic glow]
 40610 | Shoals:3 | Gained mutation: You sometimes lose your temper in combat.
                  | [mutagenic glow]
 40628 | Shoals:3 | Gained mutation: Your body sometimes deteriorates upon
                  | taking damage. [mutagenic glow]
 40651 | Shoals:3 | Gained mutation: You occasionally lose the ability to read
                  | scrolls when taking damage. [mutagenic glow]
 41176 | Shoals:3 | Bought steaming gold dragon scales for 2720 gold pieces
 41176 | Shoals:3 | Identified the +12 gold dragon scales of the Evening {rPois
                  | rF+ rC+ Int+4 Dex+7} (You bought it in a shop on level 3 of
                  | the Shoals)
 41203 | Shoals:3 | Killed a Tzitzimitl
 41300 | Shoals:3 | Lost mutation: You are very dopey. (Int -4) [potion of
                  | mutation]
 41300 | Shoals:3 | Lost mutation: You occasionally lose the ability to read
                  | scrolls when taking damage. [potion of mutation]
 41300 | Shoals:3 | Lost mutation: Your body sometimes deteriorates upon taking
                  | damage. [potion of mutation]
 41300 | Shoals:3 | Lost mutation: You do not regenerate when monsters are
                  | visible. [potion of mutation]
 41328 | Shoals:4 | Identified the -2 helmet of Subjectivity {+Inv}
 41698 | Elf:1    | Entered Level 1 of the Elven Halls
 42193 | Elf:1    | Reached XP level 18. HP: 143/149 MP: 4/18
 42770 | Elf:1    | Lost mutation: You are agile. (Dex +4, Str/Int -1) [potion
                  | of mutation]
 42770 | Elf:1    | Lost mutation: You have sharp toenails. [potion of
                  | mutation]
 42770 | Elf:1    | Gained mutation: You occasionally lose the ability to read
                  | scrolls when taking damage. [potion of mutation]
 42770 | Elf:1    | Gained mutation: You are somewhat resistant to further
                  | mutation. [potion of mutation]
 42770 | Elf:1    | Gained mutation: You have sharp toenails. [potion of
                  | mutation]
 42988 | Elf:1    | You are sucked into a shaft and drop 1 floor!
 42994 | Elf:2    | Paralysed by an air elemental for 1 turns
 43143 | Elf:1    | Reached skill level 15 in Dodging
 43614 | Elf:1    | Got Nasyin's Volume of Energy and the Congregation
 43617 | Elf:1    | Identified the +0 chain mail of the Old and Reckless {rN++}
 44622 | Elf:2    | Identified the +4 flail "Giantslayer" {flame, Dex+8}
 44901 | Elf:2    | Found a runed translucent gate.
 44901 | Elf:2    | Found a runed translucent gate.
 44912 | Elf:2    | Found a runed translucent gate.
 45170 | Elf:2    | Paralysed by an air elemental for 1 turns
 46656 | Elf:3    | Entered Level 3 of the Elven Halls
 47648 | Abyss:2  | Cast into level 2 of the Abyss (a deep elf sorcerer)
 47774 | Abyss:2  | Found a corrupted altar of Lugonu.
 47784 | Abyss:2  | Found a corrupted altar of Lugonu.
 47889 | Abyss:2  | Reached skill level 15 in Armour
 48021 | Abyss:2  | Found a corrupted altar of Lugonu.
 48039 | Elf:3    | Escaped the Abyss
 48046 | Elf:3    | Reached XP level 19. HP: 64/155 MP: 4/19
 48228 | Elf:3    | Noticed a Tzitzimitl
 48248 | Elf:3    | Identified the +9 quarterstaff of Doom {pain, rC+}
 48248 | Elf:3    | Identified the +4 troll leather armour of the Lotus Blossom
                  | {rElec Regen+}
 48426 | Elf:3    | Identified the +6 morningstar "Wyac" {venom, rCorr}
 48426 | Elf:3    | Identified the ring of Deypsuc {rF+ rN+ Int-3 Dex+5 Stlth+}
 48622 | Elf:3    | Got Kikubaaqudgha's Anthology of the Graveyard
 48637 | Elf:3    | Got Keaxeon's Guidebook on Breccia
 48646 | Elf:3    | Got the Elucidation of Summoning
 48725 | Elf:3    | Identified the staff of earth "Offarphops" {rF- Int+3
                  | Dex+2}
 48730 | Elf:3    | Identified the staff of earth "Rejax" {Will+ Int+4 Dex-3}
 48753 | Elf:3    | Identified the +3 ring mail "Heneluv" {+Blink}
 50012 | D:11     | Found a runed translucent gate.
 50012 | D:11     | Found a runed translucent gate.
 50013 | D:11     | Found a runed translucent gate.
 50013 | D:11     | Noticed grguerra's ghost (journeyman DsFi)
 50046 | D:11     | Killed grguerra's ghost
 51316 | D:11     | Noticed Lodul
 51319 | D:11     | Killed Lodul
 53428 | D:13     | Found a portal to a secret trove of treasure.
 53479 | D:13     | Noticed Frances
 53486 | D:13     | Killed Frances
 53608 | D:13     | Found a runed translucent gate.
 53609 | D:13     | Found a runed translucent gate.
 53611 | D:13     | Found a runed translucent gate.
 53627 | D:13     | Found Teum's Weapon Emporium.
 54069 | D:13     | Identified the +0 plate armour "Jocaex Puph" {Dex+3}
 54092 | D:13     | Found a gate to the Vaults.
 54950 | D:13     | Reached skill level 1 in Shields
 54979 | D:13     | Found a runed translucent gate.
 54979 | D:13     | Found a runed translucent gate.
 55068 | D:13     | Noticed witwit's ghost (journeyman VSHu)
 55069 | D:13     | Found a runed translucent gate.
 55079 | D:13     | Lost mutation: Your spells are a little harder to cast, but
                  | a little more powerful. [potion of mutation]
 55079 | D:13     | Lost mutation: You have sharp toenails. [potion of
                  | mutation]
 55099 | D:13     | Killed witwit's ghost
 55154 | D:13     | Gained mutation: Your flesh is heat resistant. (rF+)
                  | [mutagenic glow]
 55184 | D:13     | Gained mutation: You occasionally lose the ability to drink
                  | potions when taking damage. [mutagenic glow]
 55190 | D:13     | Lost mutation: You are somewhat resistant to further
                  | mutation. [potion of mutation]
 55190 | D:13     | Lost mutation: You occasionally lose the ability to read
                  | scrolls when taking damage. [potion of mutation]
 55190 | D:13     | Lost mutation: Your flesh is heat resistant. (rF+) [potion
                  | of mutation]
 55190 | D:13     | Gained mutation: Your flesh is heat resistant. (rF+)
                  | [potion of mutation]
 55191 | D:13     | Lost mutation: You occasionally lose the ability to drink
                  | potions when taking damage. [potion of mutation]
 55191 | D:13     | Lost mutation: You are dopey. (Int -2) [potion of mutation]
 55191 | D:13     | Gained mutation: Your system is resistant to poisons.
                  | (rPois) [potion of mutation]
 55192 | D:13     | Lost mutation: Your system is resistant to poisons. (rPois)
                  | [potion of mutation]
 55192 | D:13     | Lost mutation: You sometimes lose your temper in combat.
                  | [potion of mutation]
 55192 | D:13     | Lost mutation: Your flesh is heat resistant. (rF+) [potion
                  | of mutation]
 55192 | D:13     | Gained mutation: Your natural rate of healing is unusually
                  | fast. [potion of mutation]
 55192 | D:13     | Gained mutation: Your spells are a little easier to cast,
                  | but a little less powerful. [potion of mutation]
 55192 | D:13     | Gained mutation: You possess an exceptional clarity of
                  | mind. [potion of mutation]
 55382 | Vaults:1 | Entered Level 1 of the Vaults
 55952 | Vaults:1 | Paralysed by a great orb of eyes for 5 turns
 56122 | Vaults:1 | Reached skill level 5 in Shields
 57334 | Abyss:2  | Cast into level 2 of the Abyss (a wizard)
 57358 | Vaults:1 | Escaped the Abyss
 58060 | Vaults:2 | Found a staircase to the Crypt.
 58416 | Vaults:2 | Identified the ring "Ytutopp" {rPois Int+2 Dex+4 SInv
                  | Stlth+}
 58500 | Vaults:2 | Noticed Asterion
 58511 | Vaults:2 | Killed Asterion
 58512 | Vaults:2 | Reached XP level 20. HP: 156/165 MP: 5/20
 58530 | Vaults:2 | Noticed Mennas
 59183 | Vaults:1 | Killed Mennas
 59544 | Vaults:1 | Reached skill level 10 in Shields
 59579 | Vaults:2 | Noticed Margery
 59825 | Vaults:1 | Killed Margery
 59972 | Vaults:2 | Noticed Jory
 59976 | Vaults:2 | Found Wipel's Jewellery Emporium.
 60003 | Vaults:1 | Killed Jory
 60910 | Vaults:2 | Paralysed by a sphinx for 3 turns
 61307 | Vaults:3 | Paralysed by a great orb of eyes for 3 turns
 61453 | Vaults:3 | Noticed Donald
 61486 | Vaults:3 | Killed Donald
 62376 | Vaults:3 | Gained mutation: Your melee attacks may debilitate your
                  | foes. [demonic ancestry]
 62376 | Vaults:3 | Reached XP level 21. HP: 163/170 MP: 5/21
 63767 | Vaults:4 | Reached skill level 15 in Shields
 63901 | Vaults:4 | Found a flickering gateway to a bazaar.
 63907 | Bazaar   | Entered a bazaar
 63982 | Bazaar   | Found Wuqiv's Book Shoppe.
 63982 | Bazaar   | Found Umina's Weapon Emporium.
 65523 | Abyss:3  | Cast into level 3 of the Abyss (a wizard)
 65591 | Abyss:3  | Paralysed by accursed screaming for 1 turns
 65599 | Abyss:3  | Paralysed by accursed screaming for 1 turns
 65717 | Abyss:3  | Found a corrupted altar of Lugonu.
 65786 | Vaults:4 | Escaped the Abyss
 65932 | Vaults:4 | Paralysed by an ogre mage for 4 turns
 65953 | Vaults:4 | Identified the staff of fire "Kuxtuh" {rF+ rN+}
 66070 | Vaults:4 | Identified the ring "Kyschi Ikye" {rN+ Int+5}
 66580 | Vaults:5 | Entered Level 5 of the Vaults
 67534 | Vaults:5 | Identified the ring "Roffim" {rElec rPois rF+++ MP+9
                  | Stlth-}
 67538 | Vaults:5 | Reached XP level 22. HP: 124/178 MP: 2/22
 67916 | Vaults:5 | Noticed a dread lich
 68328 | Vaults:5 | Identified the +1 leather armour of Efoelir {rPois rF- rC+}
 69019 | Vaults:5 | Killed a dread lich
 69131 | Vaults:5 | Noticed a caustic shrike
 69134 | Vaults:5 | a caustic shrike changed into a shadow dragon
 69153 | Vaults:5 | Identified the +8 short sword of Uskayaw {spect, Int-4
                  | Dex+3 SInv}
 69167 | Vaults:5 | Noticed an ancient lich
 69171 | Vaults:5 | Identified the ring "Cagin" {*Slow rElec Dex+4 SInv}
 69171 | Vaults:5 | Killed an ancient lich
 69175 | Vaults:5 | Noticed an ancient lich
 69187 | Vaults:5 | Killed an ancient lich
 69400 | Vaults:5 | Identified the +0 pair of boots "Ivololox" {rC++ Dex+2}
 69479 | Vaults:5 | Got a silver rune of Zot
 70289 | Vaults:5 | Identified the staff of death "Zisynall" {rElec rPois rN+
                  | Dex-4}
 70495 | Vaults:5 | Identified the +5 chain mail "Bolur" {rPois rF- rN+}
 70500 | Vaults:5 | Identified the +4 mace of the Dripping Visionary {heavy,
                  | rPois rCorr}
 70603 | Vaults:5 | Bought the +3 crown of Dyrovepreva {rElec Int+2 SInv} for
                  | 828 gold pieces
 70603 | Vaults:5 | Found the +3 crown of Dyrovepreva {rElec Int+2 SInv}
 70603 | Vaults:5 | Bought 2 potions of curing for 120 gold pieces
 70603 | Vaults:5 | Bought a wand of iceblast (3) for 144 gold pieces
 70603 | Vaults:5 | Bought a potion of heal wounds for 100 gold pieces
 70762 | Crypt:1  | Entered Level 1 of the Crypt
 71559 | D:14     | Identified the +1 leather armour of Lukir {rF+ Dex+3}
 73503 | D:14     | You fall into a shaft and drop 1 floor!
 73503 | D:15     | Entered Level 15 of the Dungeon
 75020 | D:15     | Found a staircase to the Depths.
 75352 | Depths:1 | Entered Level 1 of the Depths
 75662 | Depths:1 | Noticed Aizul
 75668 | Depths:1 | Killed Aizul
 76018 | Depths:1 | Found a transporter.
 76100 | Depths:1 | Found a transporter.
 76155 | Depths:1 | Found a transporter.
 76182 | Depths:1 | Found an opulent altar of Gozag.
 76520 | Depths:1 | Found a gateway to Hell.
 76781 | Depths:1 | Found a transporter.
 77074 | Depths:2 | Gained mutation: You are surrounded by an aura of silence.
                  | [demonic ancestry]
 77074 | Depths:2 | Reached XP level 23. HP: 189/189 MP: 1/23
 77199 | Depths:2 | Found a one-way gate leading to the halls of Pandemonium.
 77343 | Depths:2 | Found a one-way gateway to a ziggurat.
 77343 | Depths:2 | Noticed Saint Roka
 78404 | Depths:1 | Killed Saint Roka
 80673 | Depths:2 | Got the Atlas of Combat Magic
 81196 | Depths:2 | Found a shimmering blue altar of Sif Muna.
 81545 | Depths:2 | Identified the +4 scale mail "Zekiboom" {rN+}
 81548 | Depths:2 | Identified the amulet of the Heavens {RegenMP Str+3 Stlth+}
 81808 | Depths:2 | Found a one-way gate to the infinite horrors of the Abyss.
 81809 | Depths:2 | Noticed Louise
 81814 | Depths:2 | Killed Louise
 82268 | Hell     | Entered the Vestibule of Hell
 82268 | Hell     | Noticed Geryon
 83394 | Depths:3 | Noticed Parghit
 83419 | Depths:3 | Killed Parghit
 83945 | Depths:3 | Identified the +10 spear "Hyofux" {venom, Str+3 Int+4
                  | Dex+3}
 83948 | Depths:3 | Identified the +9 shortbow of Truncation {elec, Fragile
                  | rElec Str+3 SInv}
 83955 | Depths:3 | Found the amulet of the Air {Inacc Air Fly rElec RMsl}
 85083 | Depths:3 | Identified the ring "Appolegi" {rF+ Int+2}
 85086 | Depths:3 | Identified the ring "Nyjanyo" {MP+9 Str+2}
 85817 | Depths:4 | Entered Level 4 of the Depths
 85838 | Depths:3 | Reached XP level 24. HP: 198/201 MP: 3/23
 91127 | Crypt:3  | Entered Level 3 of the Crypt
 91127 | Crypt:3  | Noticed an ancient lich
 91134 | Crypt:3  | Killed an ancient lich
 91300 | Crypt:3  | Found a runed translucent gate.
 91300 | Crypt:3  | Found a runed translucent gate.
 91300 | Crypt:3  | Found a runed translucent gate.
 91300 | Crypt:3  | Noticed rrossfarrar's ghost (veteran BaFi)
 91376 | Crypt:3  | Noticed Vv
 91410 | Crypt:3  | Killed Vv
 91563 | Crypt:3  | Found a basalt altar of Yredelemnul.
 92594 | Crypt:3  | Found a staircase to the Tomb.
 93350 | Crypt:3  | Found a basalt altar of Yredelemnul.
 93601 | Crypt:2  | Acquired 1128 gold pieces
 93868 | Crypt:3  | Noticed a royal mummy
 93886 | Crypt:3  | Killed a royal mummy
 94178 | Crypt:3  | Identified the +2 ring mail of Amorality {Str+4 Int+3}
 94236 | Crypt:3  | Identified the +0 scale mail "Benent" {rElec rPois Dex-4
                  | Stlth+}
 94905 | Crypt:3  | Found an iron altar of Okawaru.
 94945 | Crypt:3  | Killed rrossfarrar's ghost
 95005 | Crypt:3  | Identified the +1 leather armour "Kaekhol" {Str+5}
 95134 | Tomb:1   | Entered Level 1 of the Tomb of the Ancients
 95734 | Tomb:1   | Identified the +6 quarterstaff of Juxan {freeze, Dex+4}
 96444 | Tomb:1   | Noticed a royal mummy
 96467 | Tomb:1   | Killed a royal mummy
 97273 | Tomb:1   | Gained mutation: A meltable icy envelope protects you from
                  | harm. (AC +8) [demonic ancestry]
 97273 | Tomb:1   | Reached XP level 25. HP: 212/212 MP: 4/23
 97383 | Tomb:1   | Noticed a royal mummy
 97398 | Tomb:1   | Killed a royal mummy
 97428 | Tomb:1   | Noticed a royal mummy
 97441 | Tomb:1   | Killed a royal mummy
 98063 | Tomb:2   | Noticed a royal mummy
 98063 | Tomb:2   | Noticed a royal mummy
 98063 | Tomb:2   | Noticed a royal mummy
 98067 | Tomb:2   | Noticed a royal mummy
 98069 | Tomb:2   | Noticed a royal mummy
 98076 | Tomb:2   | Killed a royal mummy
 98093 | Tomb:2   | Lost mutation: You possess an exceptional clarity of mind.
                  | [mutagenic glow]
 98135 | Tomb:1   | Noticed a royal mummy
 98135 | Tomb:1   | Noticed a royal mummy
 98135 | Tomb:1   | Noticed a royal mummy
 98136 | Tomb:1   | Noticed a royal mummy
 98139 | Tomb:1   | Noticed a royal mummy
 98149 | Tomb:1   | Killed a royal mummy
 98152 | Tomb:1   | Killed a royal mummy
 98385 | Tomb:2   | Killed a royal mummy
 98692 | Tomb:2   | Killed a royal mummy
 98827 | Tomb:2   | Killed a royal mummy
 98861 | Tomb:2   | Killed a royal mummy
 99616 | Tomb:3   | Entered Level 3 of the Tomb of the Ancients
 99680 | Tomb:3   | Noticed a royal mummy
 99680 | Tomb:3   | Noticed a royal mummy
 99681 | Tomb:3   | Noticed a royal mummy
 99682 | Tomb:3   | Noticed a royal mummy
 99964 | Tomb:3   | Noticed a royal mummy
 99965 | Tomb:3   | Noticed a royal mummy
 99966 | Tomb:3   | Reached skill level 27 in Long Blades
 99970 | Tomb:3   | Killed a royal mummy
 99978 | Tomb:3   | Killed a royal mummy
100094 | Tomb:3   | Noticed a royal mummy
100096 | Tomb:3   | Noticed a royal mummy
100096 | Tomb:3   | Noticed a royal mummy
100291 | Tomb:3   | Got a golden rune of Zot
100551 | Tomb:3   | Killed a royal mummy
100704 | Tomb:3   | Killed a royal mummy
101135 | Tomb:3   | Identified the ring "Gynool" {Contam rC+ rN+++ Will++
                  | Int+2}
101147 | Tomb:3   | Identified the ring of Xom's Amusement {Fire rElec rN+}
101165 | Tomb:3   | Killed a royal mummy
101483 | Tomb:3   | Killed a royal mummy
102127 | Tomb:3   | Got the Teachings on Corruption and the Welkin
102130 | Tomb:3   | Identified the +10 war axe of comradetweed's Misery {venom,
                  | Stlth+}
102134 | Tomb:3   | Identified the ring "Faqe" {rF+ rC+++ Int+4 Dex-5}
102139 | Tomb:3   | Got the Textbook on Direction and the Mortuary
102145 | Tomb:3   | Got the Quarto of Modification and the Adder
102154 | Tomb:3   | Got the Annotations on Modification and the Mob
102210 | Tomb:3   | Identified the +3 battleaxe of Spontaneous Combustion
                  | {freeze, Str+3}
102211 | Tomb:3   | Identified the staff of conjuration "Biagia" {rElec rF+ rC-
                  | Will+ rCorr}
102612 | Tomb:1   | Killed a royal mummy
102625 | Tomb:1   | Killed a royal mummy
102809 | Crypt:1  | Found an ancient bone altar of Kikubaaqudgha.
104263 | Hell     | Killed Geryon
104891 | Hell     | Found a gateway to the ashen valley of Gehenna.
105065 | Zig:1    | Entered Level 1 of a ziggurat
105081 | Zig:1    | Identified the amulet "Yvyciog" {Acrobat rElec Str+3 Dex-4}
105206 | Zig:2    | Entered Level 2 of a ziggurat
105344 | Zig:3    | Entered Level 3 of a ziggurat
105495 | Zig:4    | Entered Level 4 of a ziggurat
105645 | Zig:5    | Entered Level 5 of a ziggurat
105650 | Zig:5    | Found the +4 skin of Zhor {*Englaciate rC+++ SInv}
105794 | Zig:6    | Entered Level 6 of a ziggurat
105806 | Zig:6    | Reached XP level 26. HP: 228/229 MP: 6/23
105875 | Zig:6    | Identified the ring of Psychosis {Fire Dex+2}
105958 | Zig:7    | Entered Level 7 of a ziggurat
106036 | Zig:7    | Identified the staff of air "Hotheixt" {rElec rC+ Int+4}
106112 | Zig:8    | Entered Level 8 of a ziggurat
106303 | Zig:9    | Entered Level 9 of a ziggurat
106579 | Zig:9    | Identified the staff of air "Apholij" {*Corrode +Blink
                  | rElec Int+3 Dex+3}
106591 | Zig:10   | Entered Level 10 of a ziggurat
106760 | Zig:10   | Got the Catalogue of the Chilling Summer
106762 | Zig:10   | Identified the +9 long sword "Noacoggi" {heavy, rPois rF-
                  | rN+++ Dex-3}
106776 | Zig:10   | Identified the +8 rapier "Zaxeebobb" {heavy, rN+ Will+}
106883 | Zig:11   | Entered Level 11 of a ziggurat
107141 | Zig:11   | Identified the +7 morningstar "comradetweed's Foe" {flame,
                  | *Noise rCorr Str+3 SInv}
107244 | Zig:12   | Entered Level 12 of a ziggurat
107391 | Zig:12   | Identified the +5 quarterstaff "Kynuy" {protect, Will++}
107499 | Zig:13   | Entered Level 13 of a ziggurat
107524 | Zig:14   | Entered Level 14 of a ziggurat
107528 | Zig:14   | Reached XP level 27. HP: 82/242 MP: 0/23
108213 | Zig:15   | Entered Level 15 of a ziggurat
108297 | Zig:15   | Found the +8 orange crystal plate armour {Archmagi, Int+3
                  | Clar}
108318 | Zig:15   | Identified the +2 ring mail of Responsibility {rC+}
108321 | Zig:16   | Entered Level 16 of a ziggurat
108675 | Zig:16   | Identified the +6 short sword "Beast's Demise" {heavy, rF+
                  | Will+ Dex+4}
108676 | Zig:16   | Identified the +5 great sword of Intimidation {speed, rPois
                  | MP+9 Int+3 Stlth+}
108691 | Zig:16   | Identified the amulet "Eskybro" {RegenMP rPois Dex-5 SInv}
108721 | Zig:17   | Entered Level 17 of a ziggurat
108953 | Zig:17   | Noticed Buipp the pandemonium lord
108953 | Zig:17   | Found the ring of the Hare {EV+10}
108953 | Zig:17   | Noticed Dorenges the pandemonium lord
108954 | Zig:17   | Noticed Wiam the pandemonium lord
108954 | Zig:17   | Noticed Abocseb the pandemonium lord
108956 | Zig:17   | Noticed Hyehuer the pandemonium lord
108968 | Zig:17   | Noticed Huckim the pandemonium lord
108973 | Zig:17   | Killed Wiam the pandemonium lord
108976 | Zig:17   | Killed Buipp the pandemonium lord
108976 | Zig:17   | Noticed Qaucwa the pandemonium lord
108980 | Zig:17   | Killed Abocseb the pandemonium lord
108987 | Zig:17   | Killed Hyehuer the pandemonium lord
109056 | Zig:17   | Killed Huckim the pandemonium lord
109059 | Zig:17   | Killed Dorenges the pandemonium lord
109065 | Zig:17   | Killed Qaucwa the pandemonium lord
109234 | Zig:17   | Found the +10 morningstar "Eos" {elec, Halo rElec}
109264 | Zig:17   | Identified the staff of fire "Enaupor" {*Slow rElec rF+
                  | Str+8 Dex-3}
109266 | Zig:17   | Identified the staff of conjuration "Fyuvilu" {+Blink rF+++
                  | rC- Dex-2}
109297 | Zig:17   | Identified the +5 plate armour "Siez" {Rampage rC+}
109299 | Zig:17   | Identified the +3 troll leather armour of the Eternal Void
                  | {Rampage Regen+ Str-2 Int+4 Stlth+}
109301 | Zig:17   | Identified the +0 chain mail "Weigeuc" {Int+3 SInv}
109331 | Zig:18   | Entered Level 18 of a ziggurat
109498 | Zig:18   | Noticed a dread lich
109546 | Zig:18   | Noticed an ancient lich
109557 | Zig:18   | Identified the +7 broad axe "Raituo" {protect, Int+8 SInv}
109570 | Zig:18   | Killed a dread lich
109571 | Zig:18   | Reached skill level 27 in Fighting
109573 | Zig:18   | Killed an ancient lich
109804 | Zig:18   | Identified the +1 arbalest "Gunyum" {antimagic, rElec
                  | Will+}
109886 | Zig:19   | Entered Level 19 of a ziggurat
109911 | Zig:19   | Gained mutation: You are occasionally teleported next to
                  | monsters. [a cacodemon]
109922 | Zig:19   | Gained mutation: Your body sometimes deteriorates upon
                  | taking damage. [a cacodemon]
109928 | Zig:19   | Noticed Esab Fuh the pandemonium lord
109928 | Zig:19   | Found the +16 obsidian axe {drain, demonic, Mesm Drain Fly
                  | SInv}
109935 | Zig:19   | Gained mutation: Your magical capacity is low. (-10% MP) [a
                  | cacodemon]
110259 | Hell     | Found a gateway to the decaying netherworld of Tartarus.
110275 | Tar:1    | Entered Level 1 of Tartarus
110581 | Tar:5    | Noticed a dread lich
110623 | Tar:5    | Killed a dread lich
110720 | Tar:7    | Entered Level 7 of Tartarus
110822 | Tar:7    | HP: 12/249 [tainted leviathan] (2)]
110824 | Tar:7    | HP: 2/249 [tainted leviathan] (7)]
110829 | Tar:7    | HP: 3/249 [something (6)]
110831 | Tar:7    | Slain by a bone dragon

Illustrated notes

Levels and vault maps discovered:
D:1:      heliophobic_arrival_enchanted_forest, layout_basic
D:2:      layout_basic, basic_altar, uniq_terence
D:3:      layout_loops_ring, mainiacjoe_overflow_brackets, uniq_robin,
          uniq_sigmund
D:4:      minmay_skewed_foursquare, layout_cave_pools,
          minmay_temple_entry_glassed_door, uniq_grinder, uniq_pikel
D:5:      layout_cave_pools, gup_sewer_entry_bubbles,
          nicolae_shop_i_like_small_books_too, uniq_blork_the_orc,
          uniq_crazy_yiuf_cottage, uniq_edmund, uniq_menkaure
D:6:      layout_loops_cross, mainiacjoe_overflow_catwalk,
          minmay_manual_macuahuitl
D:7:      minmay_cornered_nines, layout_rooms, minmay_three_doors
D:8:      layout_cave_pods, overflow_temple_1_default, serial_bayou_ford_a,
          uniq_prince_ribbit1
D:9:      layout_cave_pods, mainiacjoe_overflow_concentric_impassable,
          worldfamousw_hep_ancestral_shrine, david_orc_5
D:10:     layout_loops_corners, okawaru_humans, hellmonk_lair_entry_icy
D:11:     layout_grid_maze, gammafunk_ghost_split, uniq_lodul
D:12:     layout_roguey, hangedman_decor_growths
D:13:     layout_irregular_city, hangedman_vaults_entry_quadrant_bands,
          enter_trove_0, serial_shops, nicolae_shop_behind_doors,
          ploomutoo_gammafunk_ghost_potion_laboratory, uniq_frances
D:14:     kennysheep_kobold_grotto, layout_grid_maze, nicolae_twisting_strands,
          hangedman_ranch
D:15:     gammafunk_enter_depths_forms, layout_loops_ring,
          chequers_serial_rivers_large_a
Temple:   eino_temple_scatter_basement
Lair:1:   layout_chaotic_city
Lair:2:   layout_long_grid, elwin_shoals_entry_stream,
          spider_nest_entry_funnel_web, enter_volcano_1, grunt_megastairs_1
Lair:3:   layout_gridlike, minmay_stone_trees_small, uniq_rupert, uniq_fannar
Lair:4:   layout_cellular_growth, nicolae_slime_entry_field_trip,
          chequers_serial_rivers_small_3, chequers_serial_rivers_small_a,
          infiniplex_staircase_pool_2, lemuel_fruit_fields, uniq_josephine
Lair:5:   evilmike_catoblepas_cave, layout_regular_city, lemuel_fruit_fields,
          grunt_megastairs_3
Shoals:1: layout_shoals, st_shoals_ruin
Shoals:2: layout_shoals, portal_ice_cave_entry_pillars_2, uniq_ilsuiw
Shoals:3: cheibrodos_shoals_satyrical_garden, layout_shoals, uniq_mara
Shoals:4: shoals_end_grunt_ice, layout_shoals, gammafunk_ghost_tricky_traps,
          nicolae_shoals_seven_spires, uniq_mlioglotl, uniq_polyphemus
Spider:1: layout_spider_delve, nicolae_spider_wall_of_niches
Spider:2: cheibrodos_spider_deadly_dance, ebering_ghost_rock_garden
Spider:3: layout_spider_delve, uniq_arachne
Spider:4: spider_rune_water, uniq_kirke
Slime:1:  layout_caves, cheibrodos_slime_lost_civilization_6
Orc:1:    layout_caves
Orc:2:    st_orc_rangers, layout_caves, gauntlet_entry_generic, serial_shops,
          shop
Elf:1:    nicolae_elf_arrival_no_cutting_in_line, layout_loops_corners,
          minmay_elf_sorcery, serial_sigils_hangedman_stare
Elf:2:    elven_hall_of_blades_hangedman_original
          [nicolae_blade_entry_pointy_end], layout_gridlike, special_room
          [special_room_orc]
Elf:3:    elf_hall, layout_geoelf_castle
Vaults:1: v_misc_13, grunt_vaults_twisty, v_pattern_3,
          nicolae_vaults_closet_pinwheel_4, nicolae_vaults_tetromino_L_1,
          nicolae_vaults_prndl, nicolae_vaults_tetromino_T_1,
          hangedman_vaults_restitches, nicolae_vaults_trapezoid_1,
          ontoclasm_vaults_spin, nicolae_vaults_trapezoid_lopsided_3,
          layout_vaults_quadrants
Vaults:2: nicolae_vaults_back_hallway, ontoclasm_vaults_pinch,
          nicolae_vaults_shrinking_rooms_1, v_misc_4, hangedman_vaults_capsules,
          v_alt_pattern_5, st_lattice, nicolae_vaults_ninety_degrees,
          minmay_crypt_entry_simple_box, vaults_room_grid, vaults_mumra_hex,
          nicolae_vaults_house_3, ontoclasm_vaults_loading_screen,
          grunt_vaults_focal, vaults_room_pool, nicolae_vaults_double_plus_3,
          nicolae_vaults_theta, layout_vaults_maze, serial_shops, shop,
          uniq_mennas, uniq_jory, uniq_margery, uniq_asterion
Vaults:3: nicolae_vaults_tetromino_L_1, nicolae_vaults_shipping_containers_6,
          vaults_room_corners, vaults_mumra_chevron,
          nicolae_vaults_specimen_jars, nicolae_vaults_what_the_h,
          nicolae_vaults_six-pack, ontoclasm_vaults_claustrophobia,
          nicolae_vaults_closet_pinwheel_4, nicolae_vaults_trapezoid_lopsided_3,
          nicolae_vaults_gold_heap, nicolae_vaults_tetromino_Z_2,
          nicolae_vaults_spaceships, layout_vaults_omnibox, serial_glass,
          uniq_donald
Vaults:4: vaults_room_grunt_arrival_ludios, dpeg_vaults_waves,
          vaults_room_corners, hangedman_vaults_locks,
          nicolae_vaults_more_shelving_1, vaults_standard_mumra_x,
          nicolae_vaults_rhombus_5, hangedman_vaults_trim, v_misc_25,
          vaults_dpeg_hooks, nicolae_vaults_house_1, grunt_vaults_hallway_long,
          layout_vaults_omnicross, serial_shops, bzr_entry_safe
Vaults:5
Crypt:1:  layout_misc_corridors, lemuel_upstairs_altar
Crypt:2:  layout_catacombs
Crypt:3:  church_of_pain_bobbens, layout_chaotic_city,
          gammafunk_ghost_fury_of_okawaru, basic_altar, uniq_vv
Tomb:1
Tomb:2
Tomb:3
Depths:1: layout_basic, grunt_gozag_breadcrumbs, grunt_hell_entry_dis_mu,
          nicolae_transporter_intersection, serial_bayou_shore_b,
          infiniplex_staircase_pool_lava, uniq_aizul
Depths:2: evilmike_silver_temple, layout_gridlike, enter_ziggurat_b,
          rand_demon_pan_entry_3, nicolae_abyss_entry_one_way_or_another,
          hell_entry, grunt_decor_resistance, hangedman_summoners_spam,
          uniq_saint_roka
Depths:3: minmay_the_grid_3x2 [minmay_the_grid_embedded,
          minmay_the_grid_tiny_cups, minmay_the_grid_stretched_grid,
          minmay_the_grid_mess, minmay_the_grid_dragon_b,
          minmay_the_grid_prize_trominoes], layout_gridlike, grunt_metal_band,
          marbit_kobold_abyss_entry, minmay_staircase_statues,
          serial_bayou_shore_b, uniq_parghit
Depths:4: evilmike_zot_entry_argh, layout_cave_shapes, hangedman_coc_ice_floe,
          grunt_pan_entry_spiral, amcnicky_mini_rare_corridor_liquid
Hell
Tar:1:    layout_honeycomb
Tar:2:    layout_catacombs
Tar:3:    layout_catacombs, nicolae_tar_cuneiform_oil
Tar:4:    layout_catacombs
Tar:5:    layout_cathedral_of_symmetry, nicolae_tar_spectre_spectrum
Tar:6:    layout_grid_maze
Tar:7:    tar_grunt_cathedral

Skill      XL: |  1  2  3  4  5  6  7  8  9 10 11 12 13 14 15 16 17 18 19 20 21 22 23 24 25 26 27 |
---------------+----------------------------------------------------------------------------------+-----
Throwing       | 2 3 4 5 6 |  6.1
Dodging        | 3 4 7 9 10 14 17 18 | 18.5
Long Blades    | 3 4 5 7 9 11 13 15 17 19 20 22 24 26 27 | 27.0
Fighting       | 3 4 5 6 7 8 9 11 13 14 15 16 17 19 20 23 25 27 | 27.0
Armour         | 3 7 9 10 13 15 16 | 16.6
Shields        | 8 14 18 19 | 19.2

Action                     |  1- 3 |  4- 6 |  7- 9 | 10-12 | 13-15 | 16-18 | 19-21 | 22-24 | 25-27 || total
---------------------------+-------+-------+-------+-------+-------+-------+-------+-------+-------++-------
  Melee: Long sword        |    85 |   115 |    57 |   198 |       |       |       |       |       ||   455
         Tailslap          |       |     5 |    38 |   129 |   156 |   168 |   307 |   398 |   369 ||  1570
         Short sword       |       |       |   164 |   303 |       |       |       |       |       ||   467
         Punch             |       |       |     5 |     4 |       |    15 |     3 |       |       ||    27
         Great sword       |       |       |       |   132 |   811 |   122 |       |       |       ||  1065
         Double sword      |       |       |       |       |       |   831 |  1374 |  1784 |  1439 ||  5428
         Scimitar          |       |       |       |       |       |       |       |     1 |     5 ||     6
  Throw: Throwing net      |     3 |     2 |     1 |       |       |       |       |       |       ||     6
         Javelin           |     1 |     2 |       |     1 |       |       |       |       |       ||     4
         Dart              |       |       |    42 |   139 |     9 |       |       |       |       ||   190
         Boomerang         |       |       |       |       |    94 |    23 |     7 |       |    44 ||   168
 Invoke: Potion Petition   |       |       |       |       |     5 |     4 |     7 |     9 |    26 ||    51
         Call Merchant     |       |       |       |       |     1 |     1 |       |     4 |       ||     6
         Bribe Branch      |       |       |       |       |       |       |       |       |     2 ||     2
  Evoke: Wand              |       |       |       |    16 |    15 |    15 |     3 |     1 |    35 ||    85
         Horn of Geryon    |       |       |       |       |       |       |       |       |     1 ||     1
    Use: Potion            |       |     1 |     2 |     4 |    13 |    19 |     8 |     5 |    48 ||   100
         Scroll            |       |       |       |     9 |    18 |     9 |     3 |    10 |    38 ||    87
   Stab: Held in net/web   |       |       |     3 |       |       |       |       |       |       ||     3
         Distracted        |       |       |     2 |     3 |    14 |     8 |    25 |    33 |    36 ||   121
         Paralysed         |       |       |       |    16 |       |       |       |       |       ||    16
         Invisible         |       |       |       |       |     1 |     3 |       |     2 |    18 ||    24
 Armour: Leather armour    |     4 |       |       |       |       |       |       |       |       ||     4
         Scale mail        |    10 |    61 |    28 |       |       |       |       |       |       ||    99
         Ring mail         |     1 |       |       |       |       |       |       |       |       ||     1
         Chain mail        |       |       |    26 |   235 |   108 |       |       |       |       ||   369
         Plate armour      |       |       |       |       |   504 |   414 |       |       |       ||   918
         Gold dragon scale |       |       |       |       |       |   237 |   671 |   733 |  1270 ||  2911
  Dodge: Dodged            |    39 |    79 |    61 |   232 |   436 |   369 |   501 |   487 |   903 ||  3107
  Block: Other             |       |       |       |       |   420 |   353 |    78 |       |       ||   851
         Reflection        |       |       |       |       |    63 |    39 |    71 |    70 |    66 ||   309
         Kite shield       |       |       |       |       |       |       |  1212 |  1833 |  2412 ||  5457
